AoeStats
← Groove7731

Golden Pit

510121865Analyzed
1v1 RM · 4d ago on Sep 29, 2026· 117m 37s· 2 players
Game mode
Random Map
Map size
Tiny (2 player)
Population
200
Speed
Normal
Resources
Standard
Victory
Conquest
Starting age
Dark Age
Ending age
Imperial Age
RankedLock teamsTeams togetherTeam positionsShared explorationLock speedFull tech treeHidden civsTurbo modeCheats
Victory
Defeat
🇮🇳 Saxons · India
1354
+19
🇺🇸 Malians · United States
1409
-19
RockAxe8716
7:50 Loom
9:55 Feudal Age
14:39 Castle Age
12:56 Double-Bit Axe
13:28 Horse Collar
21:59 Scale Mail Armor
24:14 Fletching
25:38 Forging
27:22 Chain Mail Armor
28:22 Bow Saw
28:57 Gold Mining
30:12 Wheelbarrow
30:40 Town Watch
31:14 Heavy Plow
33:20 Bodkin Arrow
40:33 Imperial Age
38:18 Guard Tower
38:40 Masonry
40:52 Hand Cart
40:44 Padded Archer Armor
41:20 Iron Casting
41:04 Squires
40:50 Arson
40:50 Gambesons
41:03 Crossbowman
43:15 Conscription
43:28 Thumb Ring
44:19 Ballistics
43:46 Arbalester
44:08 Pikeman
46:11 Plate Mail Armor
45:42 Bracer
45:23 Halberdier
48:14 Town Patrol
49:45 Leather Archer Armor
50:33 Chemistry
49:18 Arrowslits
50:05 Architecture
49:34 Elite Varangian Guard
51:26 Keep
50:33 Treadmill Crane
51:43 Ring Archer Armor
52:27 Gold Shaft Mining
51:42 Stone Mining
53:30 Murder Holes
53:41 Siege Engineers
55:22 Onager
55:44 Shield Wall
57:03 Hoardings
55:49 Elite Hearth Troop
57:36 Redemption
57:51 Sanctity
57:32 Atonement
57:48 Block Printing
57:58 Illumination
57:34 Devotion
57:55 Block Printing
58:06 Illumination
58:19 Theocracy
59:05 Atonement
66:06 Devotion
67:35 Two-Man Saw
67:10 Crop Rotation
75:19 Guilds
75:10 Caravan
75:42 Coinage
78:32 Banking
78:12 Scale Barding Armor
82:30 Clerical Recruitment
106:13 Sappers
106:50 Scale Barding Armor
107:00 Fortified Wall
107:11 Shipwright
106:57 Siphons
107:03 Careening
106:44 Heated Shot
106:51 Herbal Medicine
107:17 Heresy
107:18 Faith
106:22 Cranequins
106:23 Heavy Mounted Crossbowman
106:23 Elite Skirmisher
107:11 Man-at-Arms
108:30 Husbandry
108:40 Bloodlines
107:51 Light Cavalry
107:52 Cavalier
108:54 Chain Barding Armor
109:28 Spies/Treason
110:14 Hussar
Groove7731
7:01 Loom
9:13 Feudal Age
10:05 Double-Bit Axe
15:11 Fletching
21:10 Castle Age
19:22 Padded Archer Armor
21:06 Gold Mining
21:45 Scale Barding Armor
23:07 Town Watch
29:19 Bloodlines
34:19 Imperial Age
32:55 Wheelbarrow
34:42 Hand Cart
37:38 Light Cavalry
39:24 Bloodlines
42:10 Forging
42:34 Chain Barding Armor
42:17 Husbandry
42:24 Cavalier
44:43 Horse Collar
47:21 Plate Barding Armor
48:44 Farimba
52:05 Heavy Plow
52:19 Bow Saw
53:24 Iron Casting
53:30 Ballistics
56:42 Chemistry
55:24 Treadmill Crane
55:54 Masonry
66:53 Crop Rotation
67:11 Guilds
74:25 Bodkin Arrow
74:30 Elite Skirmisher
75:15 Thumb Ring
76:14 Leather Archer Armor
84:17 Ring Archer Armor
87:06 Devotion
111:02 Tigui
Connection lost

Rejoining the realm…

Still unreachable

The connection could not be restored.

Session expired

The server has moved on; the page needs a fresh start.